 Dungeon Crawl Stone Soup version 0.18-a0-119-g02a7081 (webtiles) character file.

10565 Proton the Blocker (level 11, -4/71 HPs)
             Began as a Gargoyle Fighter on Nov 19, 2015.
             Was a High Priest of Cheibriados.
             Killed from afar by Nergalle (12 damage)
             ... with a bolt of negative energy
             ... on level 11 of the Dungeon.
             The game lasted 00:20:08 (8501 turns).

Proton the Blocker (Gargoyle Fighter)               Turns: 8501, Time: 00:20:08

Health: -4/71      AC: 26    Str: 41    XL:     11   Next: 64%
Magic:  14/14      EV: 16    Int: 20    God:    Cheibriados [*****.]
Gold:   690        SH:  0    Dex: 27    Spells: 0 memorised, 10 levels left

rFire  . . .     SeeInvis .     B - +8 great sword of Naunik {slice, *Corrode rPois Dex+4}
rCold  . . .     Clarity  .     D - +1 chain mail {MR+}
rNeg   + . .     SustAt   .     (shield currently unavailable)
rPois  ∞         Gourm    .     x - +1 helmet
rElec  +         Spirit   .     v - +0 cloak
rCorr  .         Warding  .     (no gloves)
rMut   .         Stasis   .     G - +0 pair of boots
MR     +....                    (no amulet)
Stlth  ..........               (no ring)
                                g - +3 ring of strength

@: drained, very slow, somewhat resistant to hostile enchantments, extremely
unstealthy
A: slimy green scales 1, dopey 1, negative energy resistance 1, electricity
resistance, spit poison 1, unbreathing, petrification resistance, rot immunity,
AC +7
a: Spit Poison, Bend Time, Temporal Distortion, Slouch, Step From Time, Renounce
Religion


You were on level 11 of the Dungeon.
You worshipped Cheibriados.
Cheibriados was extremely pleased with you.
You were hungry.

You visited 1 branch of the dungeon, and saw 11 of its levels.

You collected 690 gold pieces.

Inventory:

Hand Weapons
 A - a +2 whip of electrocution
 B - the +8 great sword of Naunik (weapon) {slice, *Corrode rPois Dex+4}
   (You found it on level 10 of the Dungeon)

   It inflicts extra damage upon your enemies.
   It affects your dexterity (+4).
   It protects you from poison.
   It may corrode your equipment when you take damage.
Missiles
 I - 6 javelins of penetration (quivered)
Armour
 c - a +0 shield
 v - a +0 cloak (worn)
 x - a +1 helmet (worn)
 D - a +1 chain mail of magic resistance (worn)
 G - a +0 pair of boots (worn)
Jewellery
 g - a +3 ring of strength (left hand)
 E - an uncursed ring of protection from fire {unknown}
Wands
 C - a wand of teleportation (4)
Scrolls
 a - a scroll of fear {unknown}
 b - 2 scrolls of amnesia {unknown}
 e - 3 scrolls of teleportation {unknown}
 h - 4 scrolls of remove curse
 i - a scroll of vulnerability {unknown}
 j - 2 scrolls of magic mapping {unknown}
 k - 2 scrolls of random uselessness {unknown}
 q - a scroll of blinking {unknown}
 r - 2 scrolls of enchant weapon {unknown}
 t - a scroll of recharging {unknown}
 w - 2 scrolls of summoning {unknown}
 y - 2 scrolls of noise {unknown}
Potions
 d - 2 potions of might
 f - 2 potions of agility
 n - 2 potions of lignification
 p - 2 potions of heal wounds
 s - 4 potions of curing
 F - a potion of resistance
Comestibles
 m - 11 beef jerkies
 o - 2 meat rations
 u - 7 bread rations
 H - 4 fruits


   Skills:
 + Level 9.3(9.0) Fighting
 + Level 8.2(7.9) Maces & Flails
 + Level 8.9(8.6) Armour
 + Level 6.3(6.0) Dodging
 + Level 9.4(9.1) Shields
 + Level 5.0(4.7) Invocations


You had 10 spell levels left.
You didn't know any spells.

Dungeon Overview and Level Annotations

Branches:
Dungeon (11/15)            Temple (0/1) D:6            Lair (0/8) D:9
    Orc (0/4) D:11

Altars:
Ashenzari
Cheibriados
Dithmenos
Fedhas
Okawaru
Ru
Vehumet
The Shining One

Shops:
D:4 =(

Portals:
Trove: D:10 (give 5 scrolls of blinking)

Annotations:
D:11 Harold, Nergalle


Innate Abilities, Weirdness & Mutations

You are resistant to torment.
Your stone body is resilient (AC +7).
You are immune to poison.
You resist negative energy.
You are resistant to electric shocks.
You can survive without breathing.
You are immune to petrification.
You are immune to rotting.
You are partially covered in slimy green scales (AC +2).
You are dopey. (Int -2)
You can spit weak poison.


Message History

Nergalle is almost dead.
Nergalle hits you but does no damage. The komodo dragon barely misses you.
The wight closely misses you.
The wight hits you with an enchanted mace.
You closely miss Nergalle.
Nergalle is almost dead.
The komodo dragon bites you!!
* * * LOW HITPOINT WARNING * * *
Nergalle barely misses you. The wight hits you with a scimitar.
* * * LOW HITPOINT WARNING * * *
The komodo dragon bites you but does no damage.
The wight misses you.
You barely miss Nergalle.
Nergalle is almost dead.
Nergalle hits you but does no damage.
The komodo dragon bites you but does no damage.
The wight misses you. The komodo dragon misses you. The wight misses you.
Nergalle casts a spell at you. The bolt of negative energy hits you!
You partially resist.
You feel drained.
You die...

## #.......#
#.......# #.......#
#.......##### .
#.###........
....##.###########
...........ZZ......
###########z#######
....ool@z......
###.o##o####### #..
W## ... .. .. ... .
.... ..>.. ......


You could see Nergalle, a komodo dragon, a spectral orc, a spectral orc warrior,
a hungry ghost, 2 wights and 3 orcs.

Vanquished Creatures
  A centaur warrior (D:10)
  The ghost of Proton the Fighter, a novice MiFi of Qazlal (D:8)
  Pikel (D:6)
  2 hill giants (D:10)
  Maurice (D:8)
  Psyche (D:9)
  A gargoyle (D:10)
  The ghost of Proton the Slasher, an amateur NaFi (D:4)
  2 trolls (D:10)
  Prince Ribbit (D:6)
  3 vampire mosquitoes (D:10)
  Grum (D:9)
  Menkaure (D:4)
  A hippogriff (D:9)
  2 wolves (D:9)
  Duvessa (D:6)
  2 black bears
  A phantom (D:4)
  5 orc warriors
  A centaur (D:10)
  4 slaves (D:6)
  3 ice beasts
  A crocodile (D:8)
  8 ogres
  2 giant frogs
  15 big kobolds (D:8)
  Dowan (D:6)
  A water moccasin zombie (D:9)
  2 wyvern skeletons
  2 scorpions
  5 wights
  5 killer bees (D:10)
  3 crimson imps
  3 giant frog zombies
  A gnoll shaman (D:7)
  4 hounds
  2 jellies
  7 orc priests
  9 orc wizards
  2 quasits
  5 worker ants
  3 iguanas
  A hound zombie (D:10)
  A hound skeleton (D:4)
  A worker ant zombie (D:9)
  10 adders
  12 gnolls
  A shadow imp (D:6)
  A worm (D:3)
  3 giant geckos (D:1)
  44 orcs
  2 ball pythons
  6 bats
  2 giant cockroaches
  4 goblins
  11 hobgoblins
  2 jackals (D:1)
  23 kobolds
  A giant cockroach zombie (D:6)
  9 giant newts
  A jackal zombie (D:8)
  A quokka (D:6)
  8 rats
262 creatures vanquished.

Vanquished Creatures (others)
  An orc (D:11)
1 creature vanquished.

Grand Total: 263 creatures vanquished

Notes
Turn   | Place    | Note
--------------------------------------------------------------
     0 | D:1      | Proton the Gargoyle Fighter began the quest for the Orb.
     0 | D:1      | Reached XP level 1. HP: 14/14 MP: 1/1
    45 | D:1      | Reached XP level 2. HP: 16/19 MP: 2/2
   289 | D:1      | Reached XP level 3. HP: 19/24 MP: 3/3
   623 | D:2      | Found a shattered altar of Ashenzari.
   738 | D:2      | Reached skill level 4 in Fighting
  1077 | D:3      | Found a shadowy altar of Dithmenos.
  1123 | D:3      | Reached XP level 4. HP: 24/29 MP: 4/4
  1423 | D:3      | Reached skill level 1 in Dodging
  1735 | D:4      | Found Senischo's Weapon Emporium.
  1760 | D:4      | Reached XP level 5. HP: 21/34 MP: 5/5
  2034 | D:4      | Noticed Proton's ghost (amateur NaFi)
  2079 | D:4      | Noticed a phantom
  2123 | D:5      | Entered Level 5 of the Dungeon
  2230 | D:5      | Found a snail-covered altar of Cheibriados.
  2231 | D:5      | Found a glowing golden altar of the Shining One.
  2233 | D:5      | Found a radiant altar of Vehumet.
  2233 | D:5      | Found an iron altar of Okawaru.
  2239 | D:5      | Became a worshipper of Cheibriados the Contemplative
  2511 | D:5      | Found a blossoming altar of Fedhas.
  2659 | D:5      | Reached XP level 6. HP: 39/39 MP: 6/6
  3019 | D:4      | Reached skill level 5 in Fighting
  3238 | D:7      | Reached XP level 7. HP: 44/44 MP: 7/7
  3297 | D:7      | Reached skill level 5 in Shields
  3397 | D:7      | Found a sacrificial altar of Ru.
  3466 | D:7      | Reached skill level 5 in Armour
  3473 | D:7      | Reached * piety under Cheibriados
  3495 | D:7      | Reached XP level 8. HP: 37/51 MP: 8/8
  3775 | D:7      | Reached skill level 6 in Fighting
  3911 | D:6      | Reached skill level 5 in Maces & Flails
  4017 | D:6      | Noticed Prince Ribbit
  4030 | D:6      | Killed Prince Ribbit
  4051 | D:6      | Reached ** piety under Cheibriados
  4073 | D:6      | Reached XP level 9. HP: 38/56 MP: 9/9
  4110 | D:6      | Found a staircase to the Ecumenical Temple.
  4145 | D:6      | Noticed Duvessa
  4145 | D:6      | Noticed Dowan
  4156 | D:6      | Killed Duvessa
  4174 | D:6      | Killed Dowan
  4250 | D:6      | Noticed Pikel
  4327 | D:6      | Killed Pikel
  4327 | D:6      | Reached skill level 7 in Fighting
  4696 | D:4      | Killed Proton's ghost
  4752 | D:4      | Reached *** piety under Cheibriados
  5062 | D:4      | Noticed Menkaure
  5070 | D:4      | Killed Menkaure
  5189 | D:4      | Found Cihasets's Jewellery Shoppe.
  5609 | D:8      | Reached XP level 10. HP: 60/64 MP: 10/10
  5639 | D:8      | Reached skill level 1 in Invocations
  5662 | D:8      | Noticed Maurice
  5682 | D:8      | Killed Maurice
  5683 | D:8      | Found a radiant altar of Vehumet.
  5685 | D:8      | Noticed Proton's ghost (novice MiFi)
  5709 | D:8      | Killed Proton's ghost
  5709 | D:8      | Reached skill level 8 in Fighting
  5709 | D:8      | Reached skill level 5 in Dodging
  5983 | D:8      | Reached **** piety under Cheibriados
  6457 | D:9      | Noticed Grum
  6468 | D:9      | Killed Grum
  6528 | D:9      | Found a staircase to the Lair.
  6627 | D:9      | Noticed Psyche
  6628 | D:9      | Reached ***** piety under Cheibriados
  6640 | D:9      | Killed Psyche
  6640 | D:9      | Reached XP level 11. HP: 66/69 MP: 13/13
  7325 | D:10     | Entered Level 10 of the Dungeon
  7329 | D:10     | Reached skill level 9 in Fighting
  7502 | D:10     | Gained mutation: You are dopey. (Int -2) [potion of mutation]
  7502 | D:10     | Gained mutation: You are partially covered in slimy green scales (AC +2). [potion of mutation]
  7502 | D:10     | Gained mutation: You can spit weak poison. [potion of mutation]
  7567 | D:10     | Found a portal to a secret trove of treasure.
  7619 | D:10     | Noticed a centaur warrior
  7631 | D:10     | Killed a centaur warrior
  7712 | D:10     | Noticed a hill giant
  7720 | D:10     | Killed a hill giant
  7818 | D:10     | Got a crude great sword
  7824 | D:10     | Identified the +8 great sword of Naunik {slice, *Corrode rPois Dex+4} (You found it on level 10 of the Dungeon)
  7871 | D:10     | Noticed a hill giant
  7884 | D:10     | Killed a hill giant
  8374 | D:10     | Reached skill level 5 in Invocations
  8477 | D:11     | Found a staircase to the Orcish Mines.
  8482 | D:11     | Noticed Nergalle
  8483 | D:11     | Noticed Harold
  8501 | D:11     | Killed from afar by Nergalle

Vault maps used:
D:1:      minmay_arrival_arboretum_small
D:2:      lemuel_doored_altar
D:3:      minmay_misc_feat_cross, grunt_dithmenos_smoke_and_mirrors
D:4:      serial_shops, nicolae_shop_behind_doors, shop, uniq_menkaure
D:5:      grunt_temple_overflow_open, marbit_many_paths, first_bread
D:6:      minmay_temple_entry_trees, uniq_pikel, uniq_duvessa,
          uniq_prince_ribbit1
D:7:      nicolae_ru_awakened_eye, grunt_ogre_cave
D:8:      special_room, basic_altar, uniq_maurice
D:9:      lair_0_dummy, uniq_psyche, uniq_grum
D:10:     nicolae_trove_entry_crossroad
D:11:     david_orc_2, uniq_harold, uniq_nergalle

Action                   |  1- 3 |  4- 6 |  7- 9 | 10-12 || total
-------------------------+-------+-------+-------+-------++-------
Melee: Flail             |    65 |       |       |       ||    65
       Whip              |   107 |   279 |   440 |   402 ||  1228
       Great sword       |       |       |       |    80 ||    80
 Abil: Spit Poison       |       |       |       |     1 ||     1
  Use: Scroll            |     1 |     2 |       |     7 ||    10
       Potion            |       |       |       |     1 ||     1
  Eat: Bread ration      |     1 |       |     1 |       ||     2
       Pizza             |       |     1 |       |     1 ||     2
       Fruit             |       |     2 |       |     1 ||     3
       Meat ration       |       |     1 |       |       ||     1
